 Dungeon Crawl Stone Soup version 0.23.2-1-ga50397a (webtiles) character file.

Game seed: 3821597214129579531

133 kokakoda the Cudgeler (level 4, 0/35 HPs)
             Began as a Demonspawn Berserker on May 5, 2019.
             Was a Believer of Trog.
             Slain by an orc
             ... wielding a +0 club
              (3 damage)
             ... on level 2 of the Dungeon.
             The game lasted 00:12:00 (2535 turns).

kokakoda the Cudgeler (Demonspawn Berserker)        Turns: 2535, Time: 00:12:00

Health: 0/35       AC:  8    Str: 19    XL:     4   Next: 94%
Magic:  4/4        EV: 13    Int:  8    God:    Trog [**....]
Gold:   34         SH:  0    Dex: 12    Spells: 3/3 levels left

rFire    . . .     SeeInvis .   a - +0 mace
rCold    . . .     Gourm    .   (no shield)
rNeg     . . .     Faith    .   b - +0 animal skin
rPois    .         Spirit   .   (no helmet)
rElec    .         Reflect  .   (no cloak)
rCorr    .         Harm     .   (no gloves)
MR       .....                  (no boots)
Stlth    +.........             (no amulet)
HPRegen  0.11/turn              (no ring)
MPRegen  0.09/turn              (no ring)

@: sanguine armour
A: sanguine armour 1
a: Berserk, Trog's Hand, Renounce Religion


You were on level 2 of the Dungeon.
You worshipped Trog.
Trog was pleased with you.
You were not hungry.

You visited 1 branch of the dungeon, and saw 2 of its levels.

You collected 34 gold pieces.

Inventory:

Hand Weapons
 a - a +0 mace (weapon)
 d - a +0 hand axe
 e - a +0 whip of venom
 f - a +0 hunting sling
 j - a +0 club
 n - a +1 dagger of venom
 u - a +0 short sword
 y - a +0 dagger
 C - a +0 dagger
Missiles
 g - 16 arrows
 v - 11 poisoned needles
 E - 6 curare-tipped needles
Armour
 b - a +0 animal skin (worn)
 q - a +0 robe
 r - a +0 robe
 s - a +0 hat
 w - a +0 shield
 x - a +0 leather armour
 D - a +0 leather armour
Scrolls
 k - 2 scrolls of blinking {unknown}
 m - 2 scrolls of enchant weapon {unknown}
 o - 2 scrolls of remove curse {unknown}
 t - a scroll of teleportation {unknown}
 B - a scroll of identify {unknown}
Potions
 h - a potion of curing {unknown}
 i - 2 potions of haste {unknown}
 l - a potion of brilliance {unknown}
 p - a potion of berserk rage {unknown}
 z - a potion of mutation {unknown}
 A - a potion of might {unknown}
Comestibles
 c - a ration


   Skills:
 + Level 3.4 Fighting
 + Level 4.2 Maces & Flails
 + Level 2.0 Armour
 + Level 2.6 Dodging
 + Level 0.8 Stealth


You had 3 spell levels left.
You didn't know any spells.
Your spell library was empty.

Dungeon Overview and Level Annotations

Branches:
Dungeon (2/15)

Altars:


Innate Abilities, Weirdness & Mutations

When seriously injured, your bleeding wounds create armour. (AC +6)


Message History

You kill the hobgoblin!
Trog accepts your kill. The giant cockroach barely misses you.
You closely miss the giant cockroach.
The giant cockroach bites you but does no damage.
You hit the giant cockroach.
The giant cockroach is heavily wounded.
The giant cockroach barely misses you. x2
You sock the giant cockroach!
You kill the giant cockroach!
Trog accepts your kill. The orc hits you but does no damage.
You hit the orc but do no damage. The orc misses you.
You hit the orc.
The orc is heavily wounded.
The orc closely misses you.
You barely miss the orc.
The orc is heavily wounded.
The orc hits you with a +0 club.
You die...

#..... ##.###....##
#. ...
#8.8###...<########
..
##.#####...........
.
#.#.##.##..########
#8.8'...##.#
#.#.##.###.#
##.##### #.. #8.8#
#.. ##@## #.#. ##
#.#o# ###.#.
##..###.###..##....
#.8...#s#...8.#
#....#†o'#....#
#....#'.'#....#
#.8...#.#...8.#
##..###.###..## ###
#.#.# ###


You could see an orc.

Vanquished Creatures
  Terence (D:2)
  3 adders (D:2)
  2 oozes (D:2)
  A worm (D:2)
  4 dart slugs
  A leopard gecko (D:1)
  4 bats
  7 giant cockroaches
  2 goblins (D:1)
  8 hobgoblins
  11 jackals
  2 frilled lizards
  6 kobolds
  5 rats
57 creatures vanquished.

Notes
Turn   | Place    | Note
-------+----------+-------------------------------------------
     0 | D:1      | kokakoda the Demonspawn Berserker began the quest for the
                  | Orb.
     0 | D:1      | Reached XP level 1. HP: 18/18 MP: 1/1
   327 | D:1      | Gained mutation: When seriously injured, your bleeding
                  | wounds create armour. (AC +6) [demonic ancestry]
   327 | D:1      | Reached XP level 2. HP: 10/24 MP: 2/2
   328 | D:1      | Reached skill level 3 in Maces & Flails
   882 | D:1      | Reached XP level 3. HP: 20/29 MP: 3/3
   962 | D:1      | Reached ** piety under Trog
  1522 | D:2      | Noticed Terence
  1556 | D:2      | Killed Terence
  1556 | D:2      | Reached XP level 4. HP: 6/35 MP: 4/4
  1556 | D:2      | HP: 1/35 [hobgoblin (5)]
  2092 | D:2      | Reached skill level 4 in Maces & Flails
  2535 | D:2      | Slain by an orc

Skill      XL: |  1  2  3  4 |
---------------+-------------+-----
Maces & Flails | 3 4 |  4.2
Dodging        | 2 |  2.6
Armour         | 2 |  2.0
Fighting       | |  3.4
Stealth        | |  0.8

Action                   |  1- 3 |  4- 6 || total
-------------------------+-------+-------++-------
Melee: Mace              |   115 |    71 ||   186
 Stab: Sleeping          |     2 |     1 ||     3
  Eat: Ration            |       |     2 ||     2
Armor: Animal skin       |    39 |    21 ||    60
Dodge: Dodged            |    98 |    49 ||   147
